AoeStats
← Dovalle95

Arabia

510398197Analyzed
1v1 RM · 20h ago on Sep 30, 2026· 71m 56s· 2 players
Game mode
Random Map
Map size
Tiny (2 player)
Population
200
Speed
Normal
Resources
Standard
Victory
Conquest
Starting age
Dark Age
Ending age
Imperial Age
RankedLock teamsTeams togetherTeam positionsShared explorationLock speedFull tech treeHidden civsTurbo modeCheats
Victory
Defeat
🇨🇴 Turks · Colombia
935
+14
🇺🇸 Mongols · United States
902
-14
xcnico
8:59 Feudal Age
9:33 Double-Bit Axe
11:51 Gold Mining
12:39 Horse Collar
21:53 Castle Age
20:10 Stone Mining
20:34 Fletching
20:45 Padded Archer Armor
20:49 Loom
21:55 Scale Barding Armor
23:04 Bow Saw
23:14 Bodkin Arrow
23:35 Leather Archer Armor
26:14 Gold Shaft Mining
37:44 Imperial Age
36:19 Wheelbarrow
35:31 Town Watch
36:04 Heavy Plow
39:24 Parthian Tactics
39:13 Elite Skirmisher
40:58 Chemistry
40:35 Thumb Ring
41:24 Stone Shaft Mining
41:31 Bloodlines
42:17 Hand Cart
42:28 Ballistics
43:11 Hoardings
43:01 Husbandry
43:32 Conscription
43:36 Masonry
45:37 Elite Mangudai
46:47 Onager
50:04 Light Cavalry
51:25 Siege Onager
53:38 Drill
62:49 Hussar
Dovalle95
4:27 Loom
11:42 Feudal Age
14:07 Bloodlines
14:19 Horse Collar
14:42 Double-Bit Axe
18:35 Scale Barding Armor
18:41 Forging
22:17 Castle Age
24:13 Bow Saw
24:59 Chain Barding Armor
25:15 Iron Casting
27:50 Husbandry
27:58 Scale Mail Armor
32:12 Chain Mail Armor
36:55 Imperial Age
35:15 Sipahi
36:22 Wheelbarrow
37:11 Padded Archer Armor
37:02 Fletching
37:16 Elite Janissary
38:23 Murder Holes
39:03 Leather Archer Armor
40:13 Ballistics
40:59 Hand Cart
42:11 Bodkin Arrow
43:30 Ring Archer Armor
43:01 Bracer
43:11 Thumb Ring
44:06 Artillery
46:50 Plate Barding Armor
46:46 Plate Mail Armor
47:17 Blast Furnace
47:56 Town Watch
52:35 Cavalier
62:42 Two-Man Saw
66:34 Heavy Cavalry Archer
67:40 Parthian Tactics
Connection lost

Rejoining the realm…

Still unreachable

The connection could not be restored.

Session expired

The server has moved on; the page needs a fresh start.